 Dungeon Crawl Stone Soup version 0.25-a0-578-gc91f01c39c (webtiles) character file.

Game seed: 17382274359832018703, levelgen mode: deterministic

2448 Kohma the Insei (level 9, -16/68 HPs)
             Began as a Gnoll Transmuter on Mar 6, 2020.
             Was a Believer of Makhleb.
             Killed by the air
             ... invoked by Gastronok
              (29 damage)
             ... on level 8 of the Dungeon.
             The game lasted 00:18:43 (5891 turns).

Kohma the Insei (Gnoll Transmuter)                  Turns: 5891, Time: 00:18:43

Health: -16/68     AC:  6    Str: 16    XL:     9   Next: 49%
Magic:  18/18      EV: 16    Int: 19    God:    Makhleb [**....]
Gold:   499        SH:  0    Dex: 16    Spells: 8/21 levels left

rFire    . . .     SeeInvis .     - Unarmed
rCold    . . .     Gourm    .   (no shield)
rNeg     + . .     Faith    .   o - +0 leather armour
rPois    .         Spirit   .   (no helmet)
rElec    .         Reflect  .   v - +0 cloak (curse)
rCorr    .         Harm     .   (no gloves)
MR       .....                  l - +1 pair of boots
Stlth    +++.......             e - amulet of regeneration
HPRegen  0.61/turn              x - +4 ring of strength
MPRegen  0.16/turn              q - ring of positive energy

@: no status effects
A: distributed training, fangs 1, strong nose
a: Minor Destruction, Renounce Religion


You were on level 8 of the Dungeon.
You worshipped Makhleb.
Makhleb was pleased with you.
You were not hungry.

You visited 2 branches of the dungeon, and saw 9 of its levels.

You collected 499 gold pieces.

Inventory:

Hand Weapons
 b - the +5 mace of the Hand {vorpal, Dex+4}
   (You found it on level 7 of the Dungeon)

   It inflicts extra damage upon your enemies.
   It affects your dexterity (+4).
 t - a +1 rapier of freezing
 B - a +0 fustibalus
 I - a +0 whip of electrocution
Missiles
 a - 70 arrows
 g - 233 stones (quivered)
 s - 13 poisoned darts
 D - a throwing net
Armour
 l - a +1 pair of boots (worn)
 o - a +0 leather armour (worn)
 v - a cursed +0 cloak (worn)
Magical Staves
 f - an uncursed staff of conjuration
Jewellery
 e - an amulet of regeneration (around neck)
 q - a ring of positive energy (right hand)
 x - a +4 ring of strength (left hand)
 y - an uncursed ring of fire
Wands
 A - a wand of clouds (1)
 C - a wand of enslavement (11)
 E - a wand of random effects (13)
Scrolls
 c - 4 scrolls of remove curse
 h - 4 scrolls of identify
 n - 2 scrolls of enchant armour
 p - 4 scrolls of immolation
 r - 5 scrolls of teleportation
 z - a scroll of blinking
 F - a scroll of amnesia
 G - a scroll of enchant weapon {unknown}
 H - 2 scrolls of magic mapping
Potions
 i - 2 potions of curing
 k - 5 potions of stabbing
 m - 2 potions of magic
 u - a potion of cancellation
 w - a potion of brilliance
 J - a potion of resistance {unknown}
 K - a potion of heal wounds {unknown}
Comestibles
 d - 18 rations
 j - 5 chunks of flesh


   Skills:
 + Level 5.0 Fighting
 + Level 4.2 Short Blades
 + Level 4.2 Long Blades
 + Level 4.2 Axes
 + Level 4.2 Maces & Flails
 + Level 4.2 Polearms
 + Level 4.2 Staves
 + Level 4.2 Slings
 + Level 4.2 Bows
 + Level 4.2 Crossbows
 + Level 4.2 Throwing
 + Level 4.2 Armour
 + Level 6.3 Dodging
 + Level 4.2 Stealth
 + Level 4.2 Shields
 + Level 7.9 Unarmed Combat
 + Level 6.6 Spellcasting
 + Level 3.4 Conjurations
 + Level 3.4 Hexes
 + Level 3.4 Charms
 + Level 3.4 Summonings
 + Level 3.4 Necromancy
 + Level 3.4 Translocations
 + Level 5.2 Transmutations
 + Level 3.4 Fire Magic
 + Level 3.4 Ice Magic
 + Level 3.4 Air Magic
 + Level 3.4 Earth Magic
 + Level 3.4 Poison Magic
 + Level 4.6 Invocations
 + Level 4.2 Evocations


You had 8 spell levels left.
You knew the following spells:

 Your Spells              Type           Power        Failure   Level  Hunger
b - Sticks to Snakes      Tmut           ####....     2%          2    None
c - Spider Form           Tmut/Pois      ###.......   6%          3    ##.....
d - Ice Form              Ice/Tmut       ###.....     21%         4    ####...
e - Animate Skeleton      Necr           N/A          3%          1    None
f - Vampiric Draining     Necr           ###.......   9%          3    ##.....

Your spell library contained the following spells:

 Spells                   Type           Power        Failure   Level  Hunger
 Beastly Appendage        Tmut           ####..       1%          1    None
 Corona                   Hex            ###....      3%          1    None
 Pain                     Necr           ###.         3%          1    None
 Slow                     Hex            ###.....     4%          2    None
 Inner Flame              Hex/Fire       ###.....     9%          3    ##.....
 Portal Projectile        Hex/Tloc       ###...       9%          3    ##.....
 Animate Dead             Necr           N/A          30%         4    ####...
 Cause Fear               Hex            ###.......   30%         4    ####...
 Leda's Liquefaction      Hex/Erth       ###.......   30%         4    ####...
 Blade Hands              Tmut           ####......   38%         5    #####..
 Agony                    Necr           ###.....     63%         5    #####..


Dungeon Overview and Level Annotations

Branches:
Dungeon (8/15)             Temple (1/1) D:4
   Lair: D:8-11

Altars:
Ashenzari
Cheibriados
Dithmenos
Fedhas
Hepliaklqana
Kikubaaqudgha
Makhleb
Nemelex Xobeh
Okawaru
Ru
Sif Muna
Trog
Uskayaw
Wu Jian
Xom
Yredelemnul

Annotations:
D:8 Gastronok


Innate Abilities, Weirdness & Mutations

Your experience applies equally to all skills.
You have very sharp teeth.
Your uncanny sense of smell can sniff out nearby items.


Message History

Evoke which item? (* to show all) (? for menu, Esc to quit)
That's the wrong kind of item! (Use * to select it.) Evoke which item? (* to show all) (? for menu, Esc to quit)
Okay, then.
Evoke which item? (* to show all) (? for menu, Esc to quit)
Aiming: Cloud Cone
Press: ? - help, Dir - move target cursor You create a blast of flame!
Your transformation has ended.
Your cursed +0 cloak unmelds from your body.
Your +1 pair of boots unmelds from your body.
Your +0 leather armour unmelds from your body.
Gastronok is engulfed in blazing flames.
Okay, then.
You enter the shallow water.
Moving in this stuff is going to be slow.
Gastronok gurgles.
Gastronok waves his eye-stalks in wide circles.
The air twists around and strikes you!!
You die...

♣♣≈♣ ### ♣≈≈♣ ∆ ..#. ♣
♣♣≈.♣♣♣♣♣♣# #.#.###
♣P♣♣P≈≈≈P.♣PP###.#...##
..≈≈≈.≈≈≈≈≈≈..##.###...
.≈♣≈≈≈≈♣♣♣♣♣..#.......
♣♣P≈P♣ ♣#.....#...
♣.≈♣♣ #.....#... ♣.@≈♣
#.....##.. ♣≈≈♣♣
+......#..
♣P.P♣#####......##.
#..#.#w...###....#.
#...w#.##. ###.###
#####...#. ##..
..........#. #._
########### ##.. +##


You could see Gastronok.

Vanquished Creatures
  The ghost of TheWayOfAllFlesh the Nimble, a novice GnMo of Hepliaklqana (D:7)
  Grinder (D:6)
  An orc warrior (D:7)
  An ice beast (D:5)
  2 ogres
  A big kobold (D:7)
  A bullfrog (D:7)
  2 scorpions
  2 electric eels (D:8)
  3 howler monkeys (D:7)
  A crimson imp (D:5)
  4 hounds
  3 orc wizards
  A bullfrog skeleton (D:6)
  A centaur zombie (D:6)
  2 jellies
  2 orc priests
  3 iguanas
  Ijyb (D:5)
  4 worker ants
  A hound skeleton (D:5)
  A howler monkey zombie (D:7)
  12 gnolls
  8 adders
  4 shadow imps
  An ooze (D:4)
  2 adder zombies
  An adder skeleton (D:8)
  3 worms (D:2)
  A dart slug (D:5)
  2 leopard geckos
  11 orcs
  4 ball pythons
  8 bats
  5 giant cockroaches
  7 goblins
  9 hobgoblins
  10 jackals
  4 quokkas
  6 frilled lizards
  A jackal skeleton (D:7)
  10 kobolds
  A leopard gecko skeleton (D:4)
  9 rats
158 creatures vanquished.

Vanquished Creatures (collateral kills)
  A goblin (D:2)
  A jackal (D:2)
  A rat (D:2)
3 creatures vanquished.

Vanquished Creatures (others)
  A leopard gecko (D:5)
  2 orcs (D:5)
3 creatures vanquished.

Grand Total: 164 creatures vanquished

Notes
Turn   | Place    | Note
-------+----------+-------------------------------------------
     0 | D:1      | Kohma the Gnoll Transmuter began the quest for the Orb.
     0 | D:1      | Reached XP level 1. HP: 17/17 MP: 6/6
   133 | D:1      | Reached XP level 2. HP: 23/23 MP: 5/7
   188 | D:1      | Learned a level 2 spell: Sticks to Snakes
   452 | D:1      | Reached XP level 3. HP: 28/28 MP: 9/9
   553 | D:2      | Reached skill level 5 in Spellcasting
   627 | D:2      | Found a faded altar of an unknown god.
   651 | D:2      | Reached skill level 1 in Invocations
   673 | D:2      | Found an ornate altar of the Wu Jian Council.
   691 | D:2      | Reached skill level 1 in Short Blades
   691 | D:2      | Reached skill level 1 in Long Blades
   691 | D:2      | Reached skill level 1 in Axes
   691 | D:2      | Reached skill level 1 in Maces & Flails
   691 | D:2      | Reached skill level 1 in Polearms
   691 | D:2      | Reached skill level 1 in Staves
   691 | D:2      | Reached skill level 1 in Slings
   691 | D:2      | Reached skill level 1 in Bows
   691 | D:2      | Reached skill level 1 in Crossbows
   691 | D:2      | Reached skill level 1 in Throwing
   691 | D:2      | Reached skill level 1 in Armour
   691 | D:2      | Reached skill level 1 in Stealth
   691 | D:2      | Reached skill level 1 in Shields
   691 | D:2      | Reached skill level 1 in Evocations
   752 | D:2      | Reached XP level 4. HP: 27/34 MP: 3/11
   895 | D:2      | Learned a level 3 spell: Spider Form
   900 | D:2      | Learned a level 4 spell: Ice Form
  1192 | D:3      | Found an ancient bone altar of Kikubaaqudgha.
  1263 | D:3      | Noticed an ogre
  1272 | D:3      | Killed an ogre
  1272 | D:3      | Reached skill level 1 in Conjurations
  1272 | D:3      | Reached skill level 1 in Hexes
  1272 | D:3      | Reached skill level 1 in Charms
  1272 | D:3      | Reached skill level 1 in Summonings
  1272 | D:3      | Reached skill level 1 in Necromancy
  1272 | D:3      | Reached skill level 1 in Translocations
  1272 | D:3      | Reached skill level 1 in Fire Magic
  1272 | D:3      | Reached skill level 1 in Ice Magic
  1272 | D:3      | Reached skill level 1 in Air Magic
  1272 | D:3      | Reached skill level 1 in Earth Magic
  1272 | D:3      | Reached skill level 1 in Poison Magic
  1272 | D:3      | Reached XP level 5. HP: 41/41 MP: 9/12
  2027 | D:4      | Reached XP level 6. HP: 46/47 MP: 6/13
  2162 | D:4      | Found a shimmering blue altar of Sif Muna.
  2271 | D:4      | Found a staircase to the Ecumenical Temple.
  2286 | Temple   | Entered the Ecumenical Temple
  2335 | Temple   | Became a worshipper of Makhleb the Destroyer
  2453 | D:4      | Reached skill level 5 in Dodging
  2548 | D:4      | Learned a level 1 spell: Animate Skeleton
  2552 | D:4      | Learned a level 3 spell: Vampiric Draining
  2846 | D:5      | Entered Level 5 of the Dungeon
  2943 | D:5      | Noticed Ijyb
  2945 | D:5      | HP: 2/47 [Ijyb] (25)]
  3048 | D:5      | Killed Ijyb
  3078 | D:5      | Reached XP level 7. HP: 50/52 MP: 11/15
  3265 | D:5      | Reached skill level 7 in Unarmed Combat
  3354 | D:5      | Found a hazy altar of Hepliaklqana.
  3611 | D:5      | Found a snail-covered altar of Cheibriados.
  3788 | D:6      | Reached * piety under Makhleb
  3800 | D:6      | Noticed Grinder
  3828 | D:6      | Paralysed by Grinder for 5 turns
  3925 | D:6      | Killed Grinder
  3925 | D:6      | Reached XP level 8. HP: 59/60 MP: 13/16
  4095 | D:6      | Found a sparkling altar of Nemelex Xobeh.
  4611 | D:7      | Got a warped mace
  4646 | D:7      | Identified the +5 mace of the Hand {vorpal, Dex+4} (You
                  | found it on level 7 of the Dungeon)
  4830 | D:7      | HP: 2/61 [orc wizard/magic dart (5)]
  5102 | D:7      | Found a runed translucent door.
  5102 | D:7      | Noticed TheWayOfAllFlesh's ghost (novice GnMo)
  5124 | D:7      | Killed TheWayOfAllFlesh's ghost
  5124 | D:7      | Reached skill level 5 in Transmutations
  5124 | D:7      | Reached XP level 9. HP: 17/67 MP: 15/18
  5366 | D:7      | Reached ** piety under Makhleb
  5644 | D:8      | Reached skill level 5 in Fighting
  5752 | D:8      | Found a shattered altar of Ashenzari.
  5869 | D:8      | Noticed Gastronok
  5891 | D:8      | Killed from afar by Gastronok

Levels and vault maps discovered:
D:1:      elethiomel_arrival_quiet, layout_rooms
D:2:      layout_rooms, lemuel_crystal_altar, first_ration,
          chequers_ecumenical_altar_twisty
D:3:      layout_loops_ring, kiku_gazebo_pond_becter, minmay_misc_feat_rugged
D:4:      layout_basic, overflow_temple_1_default, temple_fountains,
          kennysheep_generic_room_3
D:5:      layout_basic, lemuel_doored_altar, old_standard_altar, uniq_ijyb
D:6:      layout_rooms, kennysheep_mini_moat, supply_closet_lemuel, uniq_grinder
D:7:      layout_basic, ebering_ghost_reflecting_pool
D:8:      layout_basic, nicolae_gozag_seed_capital,
          nicolae_ashenzari_panopticon, serial_bayou, serial_bayou_lagoon_a,
          serial_bayou_shore_b, serial_bayou_pond_c, serial_bayou_crossing,
          uniq_grum, uniq_gastronok
Temple:   nicolae_temple_figure_zero

Skill      XL: |  1  2  3  4  5  6  7  8  9 |
---------------+----------------------------+-----
Spellcasting   | 5 6 |  6.6
Invocations    | 1 2 3 4 |  4.6
Short Blades   | 1 2 3 4 |  4.2
Long Blades    | 1 2 3 4 |  4.2
Axes           | 1 2 3 4 |  4.2
Maces & Flails | 1 2 3 4 |  4.2
Polearms       | 1 2 3 4 |  4.2
Staves         | 1 2 3 4 |  4.2
Slings         | 1 2 3 4 |  4.2
Bows           | 1 2 3 4 |  4.2
Crossbows      | 1 2 3 4 |  4.2
Throwing       | 1 2 3 4 |  4.2
Armour         | 1 2 3 4 |  4.2
Stealth        | 1 2 3 4 |  4.2
Shields        | 1 2 3 4 |  4.2
Evocations     | 1 2 3 4 |  4.2
Fighting       | 3 4 5 |  5.0
Conjurations   | 1 2 3 |  3.4
Hexes          | 1 2 3 |  3.4
Charms         | 1 2 3 |  3.4
Summonings     | 1 2 3 |  3.4
Necromancy     | 1 2 3 |  3.4
Translocations | 1 2 3 |  3.4
Transmutations | 4 5 |  5.2
Fire Magic     | 1 2 3 |  3.4
Ice Magic      | 1 2 3 |  3.4
Air Magic      | 1 2 3 |  3.4
Earth Magic    | 1 2 3 |  3.4
Poison Magic   | 1 2 3 |  3.4
Dodging        | 5 6 |  6.3
Unarmed Combat | 7 |  7.9

Action                   |  1- 3 |  4- 6 |  7- 9 || total
-------------------------+-------+-------+-------++-------
Melee: Unarmed           |    82 |   142 |   242 ||   466
       Bite              |     7 |     3 |     4 ||    14
       Kick              |     4 |       |       ||     4
       Headbutt          |     6 |     4 |       ||    10
       Punch             |     4 |     1 |     1 ||     6
       Mace              |       |       |     6 ||     6
 Cast: Beastly Appendage |     9 |     2 |       ||    11
       Sticks to Snakes  |     6 |       |       ||     6
       Spider Form       |       |    17 |    25 ||    42
       Animate Skeleton  |       |     2 |       ||     2
       Ice Form          |       |       |     2 ||     2
Evoke: Wand              |       |       |     1 ||     1
  Use: Scroll            |       |       |    18 ||    18
       Potion            |       |       |     1 ||     1
 Stab: Sleeping          |     2 |     1 |     5 ||     8
  Eat: Chunk             |       |     8 |     8 ||    16
       Ration            |       |       |     1 ||     1
Armor: Robe              |     5 |       |       ||     5
       Leather armour    |    15 |    12 |     8 ||    35
       Skin              |       |     4 |    10 ||    14
Dodge: Dodged            |   103 |   160 |   181 ||   444

Table legend:
 A = Non-vault XP
 B = Vault XP
 C = Vault XP percentage of total XP
 D = Non-vault monster count
 E = Vault monster count
 F = Vault count percentage of total count
                 A         B        C        D         E       F
            +---------+---------+-------+---------+---------+-------
      Total |    2396 |    1102 |  31.5 |     157 |       4 |   2.5
            +---------+---------+-------+---------+---------+-------
        D:1 |      34 |       0 |   0.0 |      21 |       0 |   0.0
        D:2 |      92 |       0 |   0.0 |      35 |       0 |   0.0
        D:3 |     187 |       0 |   0.0 |      18 |       0 |   0.0
        D:4 |     129 |      43 |  25.0 |       9 |       1 |  10.0
        D:5 |     513 |      25 |   4.6 |      22 |       1 |   4.3
        D:6 |     299 |     277 |  48.1 |      13 |       1 |   7.1
        D:7 |     792 |     757 |  48.9 |      24 |       1 |   4.0
        D:8 |     350 |       0 |   0.0 |      15 |       0 |   0.0
            +---------+---------+-------+---------+---------+-------
